 Dungeon Crawl Stone Soup version 0.27.1-34-g3ba077fa99 (webtiles) character file.

Game seed: 12865013852211482928

210 sankara the Shield-Bearer (level 5, -3/33 HPs)
             Began as a Gargoyle Fighter on Jan 18, 2022.
             Killed by nerve-wracking pain
             ... invoked by Grinder
              (6 damage)
             ... while paralysed by Grinder
             ... on level 3 of the Dungeon.
             The game lasted 00:06:23 (3827 turns).

sankara the Shield-Bearer (Gargoyle Fighter)        Turns: 3827, Time: 00:06:24

Health: -3/33      AC: 18    Str: 19    XL:     5   Next: 87%
Magic:  5/5        EV:  2    Int:  9    God:
Gold:   91         SH:  0    Dex: 10    Spells: 4/4 levels left

rFire    . . .     SeeInvis .   a - +2 mace (protect)
rCold    . . .     Faith    .   c - +0 kite shield
rNeg     + . .     Spirit   .   b - +0 scale mail
rPois    ∞         Reflect  .   (no helmet)
rElec    +         Harm     .   (no cloak)
rCorr    .         Rampage  .   (no gloves)
Will     .....                  (no boots)
Stlth    ..........             (no amulet)
HPRegen  0.11/turn              (no ring)
MPRegen  0.09/turn              (no ring)

@: paralysed, under a protective aura
A: sickness immunity, AC +4, negative energy resistance 1, electricity
resistance, torment resistance 1, petrification resistance, mutation resistance
1
a: no special abilities


You were on level 3 of the Dungeon.
You visited 1 branch of the dungeon, and saw 3 of its levels.

You collected 91 gold pieces.

Inventory:

Hand Weapons
 a - a +2 mace of protection (weapon)
 d - a +0 flail
 n - a +0 whip
Missiles
 f - 18 sling bullets
 g - 103 stones (quivered)
Armour
 b - a +0 scale mail (worn)
 c - a +0 kite shield (worn)
Scrolls
 h - a scroll of holy word {unknown}
 j - a scroll of blinking {unknown}
 k - 2 scrolls of identify {unknown}
 m - 2 scrolls of teleportation {unknown}
 o - 3 scrolls of amnesia {unknown}
 q - a scroll of magic mapping {unknown}
 r - a scroll of enchant armour {unknown}
Potions
 e - a potion of curing
 p - a potion of flight {unknown}
 s - a potion of heal wounds {unknown}


   Skills:
 + Level 3.7 Fighting
 * Level 4.2 Maces & Flails
 + Level 4.3 Armour
 + Level 4.4 Shields


You had 4 spell levels left.
You didn't know any spells.
Your spell library contained the following spells:

 Spells                   Type           Power      Damage    Failure   Level
 Stone Arrow              Conj/Erth      0%         3d7       100%        3
 Bolt of Magma            Conj/Fire/Erth 0%         4d4       100%        5
 Shatter                  Erth           0%         3d5*      100%        9


Dungeon Overview and Level Annotations

Branches:
Dungeon (3/15)

Altars:

Shops:
D:1 :

Annotations:
D:3 Grinder


Innate Abilities, Weirdness & Mutations

You are immune to sickness and miasma.
Your stone body is resilient. (AC +4)
You are immune to poison.
You resist negative energy. (rN+)
You are resistant to electric shocks. (rElec)
You are resistant to unholy torment.
You are immune to petrification.
You are somewhat resistant to further mutation.


Message History

The scorpion stings you but does no damage.
The hobgoblin hits you but does no damage.
Grinder hits you but does no damage. You block the kobold's attack.
The kobold hits you but does no damage.
You hit Grinder.
Grinder is severely wounded.
You block the scorpion's attack.
The hobgoblin hits you but does no damage.
Grinder hits you but does no damage. The kobold hits you but does no damage.
You block the kobold's attack. You block the scorpion's attack.
You block the hobgoblin's attack. Grinder gestures at you.
Pain shoots through your body!
* * * LOW HITPOINT WARNING * * *
You hit Grinder.
Grinder is severely wounded.
You block the kobold's attack. The kobold hits you but does no damage.
You block the scorpion's attack.
The hobgoblin hits you but does no damage.
Grinder hits you but does no damage. You block the kobold's attack.
The kobold barely misses you.
The scorpion stings you but does no damage.
You hit Grinder.
Grinder is severely wounded.
A kobold comes into view. It is wielding a +0 dagger.
You block the hobgoblin's attack. Grinder hits you but does no damage.
The scorpion stings you but does no damage.
The kobold hits you but does no damage. You block the kobold's attack.
The kobold shouts!
You hit Grinder.
Grinder is almost dead.
You block the scorpion's attack.
The hobgoblin hits you but does no damage.
Grinder gestures at you.
You suddenly lose the ability to move!
The kobold hits you but does no damage. x2
The scorpion stings you but does no damage.
The hobgoblin hits you but does no damage.
Grinder gestures at you. Pain shoots through your body!
You die...

#.............
#......
#...........##
###..K...
#...........#
.........
#...........#
........#
#...........#
........#
#...........#
.......B#
#...........##
......gs#
###########...
......K@# #...
......K5#
#########...
........#
#...........
#######.#
#...........
#.#
#...........
...
#...........
#.....
#...........
#.....
#...........
.>....
#...........


You could see Grinder, a scorpion, a giant cockroach, a hobgoblin and 3 kobolds.

Vanquished Creatures
  A black bear (D:2)
  An orc priest (D:3)
  Jessica (D:3)
  An adder (D:3)
  An adder skeleton (D:3)
  A worm (D:3)
  3 orcs
  4 endoplasms
  2 giant cockroaches
  4 goblins
  A hobgoblin (D:1)
  9 kobolds
  5 quokkas
  4 ball pythons
  7 bats
  6 rats
51 creatures vanquished.

Notes
Turn   | Place    | Note
-------+----------+-------------------------------------------
     0 | D:1      | sankara the Gargoyle Fighter began the quest for the Orb.
     0 | D:1      | Reached XP level 1. HP: 14/14 MP: 1/1
   109 | D:1      | Found Kaoqan's Book Shoppe.
   145 | D:1      | Reached XP level 2. HP: 19/19 MP: 2/2
   861 | D:1      | Reached XP level 3. HP: 23/23 MP: 3/3
  1481 | D:2      | Found a faded altar of an unknown god.
  2597 | D:3      | Reached XP level 4. HP: 5/28 MP: 4/4
  3293 | D:3      | Noticed Jessica
  3294 | D:3      | Noticed a black bear
  3424 | D:2      | Killed a black bear
  3425 | D:2      | Reached XP level 5. HP: 15/32 MP: 5/5
  3616 | D:3      | Killed Jessica
  3810 | D:3      | Noticed Grinder
  3810 | D:3      | Paralysed by Grinder for 3 turns
  3813 | D:3      | Gained mutation: You are somewhat resistant to further
                  | mutation. [potion of mutation]
  3814 | D:3      | Paralysed by Grinder for 5 turns
  3827 | D:3      | Paralysed by Grinder for 6 turns
  3827 | D:3      | Killed from afar by Grinder

Illustrated notes

Levels and vault maps discovered:
D:1:      dpeg_arrival_subterranean_lakeside_camping, layout_loops_ring,
          serial_shops, shop, minmay_misc_feat_four_crosses
D:2:      layout_basic, shapermc_ecumenical_altar_notcrosses
D:3:      layout_basic, mainiacjoe_overflow_alcove_1, uniq_crazy_yiuf_cottage,
          uniq_grinder, uniq_jessica

Skill      XL: |  1  2  3  4 |
---------------+-------------+-----
Maces & Flails | 3 4 |  4.2
Shields        | 4 |  4.4
Armour         | 4 |  4.3
Fighting       | |  3.7

Action                   |  1- 3 |  4- 6 || total
-------------------------+-------+-------++-------
Melee: Flail             |    63 |       ||    63
       Whip              |    91 |    18 ||   109
       Mace              |       |    54 ||    54
Throw: Stone             |       |     1 ||     1
  Use: Potion            |       |     4 ||     4
Armor: Scale mail        |    93 |   101 ||   194
Dodge: Dodged            |    60 |    18 ||    78
Block: Kite shield       |    89 |    66 ||   155
